 Dungeon Crawl Stone Soup version 0.30-a0-462-gd5975efbca (webtiles) character file.

Game seed: 2486451218776226272

43 cforsyth the Grasshopper (level 3, -1/32 HPs)
             Began as an Armataur Warper on Dec 17, 2022.
             Slain by a gnoll
             ... wielding a +0 spear
             ... led by a gnoll bouda
              (4 damage)
             ... on level 2 of the Dungeon.
             The game lasted 00:01:22 (1005 turns).

cforsyth the Grasshopper (Armataur Warper)          Turns: 1005, Time: 00:01:22

Health: -1/32      AC:  8    Str: 16    XL:     3   Next: 37%
Magic:  5/5        EV:  8    Int: 13    God:
Gold:   45         SH:  0    Dex: 11    Spells: 5/5 levels left

rFire   . . .      SeeInvis .    a - +0 falchion
rCold   . . .      Faith    .    (no shield)
rNeg    . . .      Spirit   .    i - +0 ring mail
rPois   .          Reflect  .    h - +1 helmet
rElec   .          Harm     .    (no cloak)
rCorr   .          Roll     +    (no gloves)
Will    .....                    (no barding)
Stlth   +.........               (no amulet)
HPRegen 0.25/turn                (no ring)
MPRegen 0.09/turn                (no ring)

@: no status effects
A: large, rugged brown scales 3, deformed body, armoured tail, roll, long
tongue, awkward tongue
a: no special abilities


You were on level 2 of the Dungeon.
You visited 1 branch of the dungeon, and saw 2 of its levels.

You collected 45 gold pieces.

Inventory:

Hand Weapons
 a - a +0 falchion (weapon)
Missiles
 d - 7 boomerangs of dispersal (quivered)
Armour
 h - a +1 helmet (worn)
 i - a +0 ring mail (worn)
Jewellery
 b - a ring of resist corrosion
 f - an amulet of faith
Scrolls
 c - a scroll of blinking
 e - a scroll of enchant armour {unknown}
 g - a scroll of teleportation {unknown}
 k - a scroll of fear {unknown}
Potions
 j - 2 potions of mutation {unknown}


   Skills:
 + Level 2.4 Fighting
 + Level 2.4 Long Blades
 - Level 0.8 Throwing
 + Level 2.4 Armour
 - Level 1.3 Dodging
 - Level 1.7 Spellcasting
 - Level 3.0 Translocations


You had 5 spell levels left.
You didn't know any spells.
Your spell library contained the following spells:

 Spells                   Type           Power      Damage    Failure   Level
 Blink                    Tloc           16%        N/A       22%         2
 Lesser Beckoning         Tloc           16%        N/A       38%         3
 Teleport Other           Tloc           8%         N/A       38%         3
 Vhi's Electric Charge    Tloc/Air       10%        N/A       61%         3
 Manifold Assault         Tloc           8%         N/A       80%         4


Dungeon Overview and Level Annotations

Branches:
Dungeon (2/15)

Altars:


Innate Abilities, Weirdness & Mutations

You are completely covered in rugged brown scales. (AC +3, +7% HP)
Armour fits poorly on your strangely shaped body.
You have a long armoured tail.
You roll when moving toward enemies. (Rampage)
Your long tongue fully drains potion bottles. (2x potion effects)
Your tongue gives you trouble enunciating. (1.5x scroll delay)


Message History

You are too injured to fight recklessly!
You are too injured to fight recklessly!
The ball python attacks as you move away!
The ball python closely misses you.
Things that are here:
a +0 club; 5 stones; a kobold corpse You barely miss the goblin.
The goblin is severely wounded.
The goblin hits you but does no damage.
The gnoll hits you from afar with a +0 spear.
You slash the goblin!
You kill the goblin!
The gnoll hits you from afar with a +0 spear. x2
The ball python bites you but does no damage.
You closely miss the ball python. The ball python closely misses you.
The gnoll barely misses you.
You closely miss the ball python.
The ball python bites you but does no damage.
A gnoll comes into view. It is wielding a +0 whip.
The gnoll hits you from afar with a +0 spear.
You barely miss the ball python.
The gnoll shouts!
The ball python barely misses you.
A frilled lizard comes into view.
The gnoll hits you from afar with a +0 spear.
* * * LOW HITPOINT WARNING * * *
The ball python bites you but does no damage.
You closely miss the ball python. You tail-slap the ball python.
You kill the ball python!
The gnoll completely misses you.
You roll towards the gnoll!
A gnoll comes into view. It is wielding a +0 spear.
You closely miss the gnoll.
The gnoll shouts!
A gnoll comes into view. It is wielding a +0 halberd.
The gnoll hits you but does no damage.
You barely miss the gnoll. The gnoll hits you with a +0 spear.
* * * LOW HITPOINT WARNING * * *
The gnoll hits you with a +0 spear.
You die...

#[..... $## ..#.[..
..# #..... #.# #.....
#.# . .....##.####
... .l.......####...[
#.#.##.##<........
#..g@)............
g..g.#g##.###.#......
... #. #.# #......$.
. .. ..# ##......#
?##...# ....... #.
#.#.# ....... # #.#..
....... #..#. ...<..


You could see a gnoll bouda (wandering), 3 gnolls and a frilled lizard.

Vanquished Creatures
  A gnoll (D:1)
  6 ball pythons
  4 endoplasms (D:1)
  2 giant cockroaches (D:1)
  3 hobgoblins (D:1)
  2 kobolds
  3 bats (D:1)
  4 frilled lizards (D:1)
  6 goblins
31 creatures vanquished.

Notes
Turn   | Place    | Note
-------+----------+-------------------------------------------
     0 | D:1      | cforsyth the Armataur Warper began the quest for the Orb.
     0 | D:1      | Reached XP level 1. HP: 18/18 MP: 3/3
   211 | D:1      | Reached XP level 2. HP: 6/25 MP: 4/4
   413 | D:1      | Reached XP level 3. HP: 26/32 MP: 5/5
   995 | D:2      | Found a faded altar of an unknown god.
  1005 | D:2      | Slain by a gnoll

Illustrated notes

Levels and vault maps discovered:
D:1:      heliophobic_arrival_glass_houses, layout_loops_ring
D:2:      layout_rooms, ebering_ecumenical_altar_abandoned,
          hangedman_glass_teeth

Skill      XL: |  1 |
---------------+----+-----
Fighting       | 2 |  2.4
Long Blades    | 2 |  2.4
Armour         | 2 |  2.4
Throwing       | |  0.8
Dodging        | |  1.3
Spellcasting   | |  1.7
Translocations | |  3.0

Action                   || total
-------------------------++-------
Melee: Falchion          ||    81
       Tailslap          ||     7
Armor: Leather armour    ||    11
       Ring mail         ||    18
Dodge: Dodged            ||    43

Table legend: (Time is in decaauts)
 A = Elapsed time spent in this place.
 B = Non-inter-level travel time spent in this place.
 C = Inter-level travel time spent in this place.
 D = Time resting spent in this place.
 E = Time spent auto-exploring this place.
 F = Levels seen in this place.
 G = Mean time per level.
                   A        B        C        D        E       F      G
               +--------+--------+--------+--------+--------+-----+--------+
         Total |   1020 |    974 |     46 |      0 |    763 |   2 |  510.0 |
       Dungeon |   1020 |    974 |     46 |      0 |    763 |   2 |  510.0 |
               +--------+--------+--------+--------+--------+-----+--------+

Top non-repeatable levels by time:
     D:1: 1000 daAuts
     D:2: 19 daAuts
